 Seeded DCSS version 0.28-a0-1143-gcf6077d4cc (webtiles) character file.

Game seed: 20211213 (custom seed)

467 flotson the Skirmisher (level 7, -2/56 HPs)
             Began as a Barachi Fighter on Dec 13, 2021.
             Slain by a sixfirhy (5 damage)
             ... summoned by a kobold demonologist
             ... on level 5 of the Dungeon.
             The game lasted 00:04:49 (4174 turns).

flotson the Skirmisher (Barachi Fighter)            Turns: 4174, Time: 00:04:50

Health: -2/56      AC:  9    Str: 20    XL:     7   Next: 8%
Magic:  7/7        EV: 11    Int:  8    God:
Gold:   62         SH:  5    Dex: 17    Spells: 6/6 levels left

rFire   . . .      SeeInvis .   a - +0 long sword
rCold   . . .      Faith    .   c - +0 buckler
rNeg    . . .      Spirit   .   s - +0 scale mail
rPois   .          Reflect  .   p - +0 helmet
rElec   .          Harm     .   (no cloak)
rCorr   .          Rampage  .   h - +0 pair of gloves
Will    .....                   (no boots)
Stlth   ..........              (no amulet)
HPRegen 0.18/turn               y - +6 ring of dexterity
MPRegen 0.10/turn               (no ring)

@: slow
A: amphibious, slowness 1, strong legs 1, +LOS
a: Hop


You were on level 5 of the Dungeon.
You visited 1 branch of the dungeon, and saw 5 of its levels.

You collected 125 gold pieces.
You spent 63 gold pieces at shops.

Inventory:

Hand Weapons
 a - a +0 long sword (weapon)
 b - a +0 hand crossbow
Missiles
 e - 32 poisoned darts
 t - 8 bolts
Armour
 c - a +0 buckler (worn)
 h - a +0 pair of gloves (worn)
 p - a +0 helmet (worn)
 s - a +0 scale mail (worn)
Jewellery
 y - a +6 ring of dexterity (left hand)
Wands
 r - a wand of iceblast (4)
 v - a wand of digging (4)
Scrolls
 g - a scroll of holy word {unknown}
 k - 4 scrolls of fear {unknown}
 l - 2 scrolls of noise {unknown}
 m - a scroll of amnesia {unknown}
 n - 3 scrolls of identify {unknown}
 o - 2 scrolls of magic mapping {unknown}
 u - 2 scrolls of teleportation {unknown}
 w - a scroll of immolation {unknown}
 x - a scroll of vulnerability {unknown}
Potions
 d - a potion of might
 f - a potion of degeneration {unknown}
 i - a potion of cancellation {unknown}
 j - a potion of curing {unknown}
 q - a potion of brilliance {unknown}
 z - a potion of invisibility {unknown}


   Skills:
 + Level 5.0 Fighting
 + Level 4.1 Long Blades
 + Level 2.2 Throwing
 + Level 4.9 Armour
 + Level 2.8 Dodging
 + Level 4.5 Shields
 + Level 1.7 Evocations


You had 6 spell levels left.
You didn't know any spells.
Your spell library contained the following spells:

 Spells                   Type           Power      Damage    Failure   Level
 Sublimation of Blood     Necr           0%         N/A       87%         2
 Wereblood                Tmut           0%         N/A       87%         2
 Summon Hydra             Summ           0%         N/A       100%        7


Dungeon Overview and Level Annotations

Branches:
Dungeon (5/15)
 Temple: D:4-7

Altars:

Shops:
D:3 :   D:5 *


Innate Abilities, Weirdness & Mutations

You are amphibious.
You cover ground slowly.
You can hop short distances.
You have an extended range of vision and can be seen from far away.


Message History

The kobold demonologist is severely wounded.
You block the ufetubus's attack. x2
The kobold demonologist casts a cantrip, but nothing happens.
The ufetubus hits you. The ufetubus barely misses you.
You slash the kobold demonologist!
The kobold demonologist is almost dead.
The ufetubus barely misses you. The ufetubus completely misses you.
The kobold demonologist casts a spell.
The ufetubus barely misses you. x2
You closely miss the kobold demonologist.
The kobold demonologist is almost dead.
You block the sixfirhy's attack.
The sixfirhy hits you but does no damage.
The sixfirhy barely misses you.
The kobold demonologist looks satisfied for a moment.
The ufetubus hits you but does no damage.
The ufetubus hits you. The kobold demonologist misses you.
The ufetubus hits you but does no damage. x2
You closely miss the kobold demonologist.
The kobold demonologist is almost dead.
The ufetubus closely misses you. The ufetubus barely misses you.
The kobold demonologist hits you but does no damage.
Unknown command.
You hit the kobold demonologist but do no damage.
The kobold demonologist is almost dead.
The ufetubus hits you but does no damage.
You block the ufetubus's attack. The sixfirhy hits you!
The sixfirhy shocks you! The ufetubus hits you.
The ufetubus hits you but does no damage.
The kobold demonologist barely misses you.
You hit the kobold demonologist but do no damage.
The kobold demonologist is almost dead.
The sixfirhy hits you. The sixfirhy shocks you!
* * * LOW HITPOINT WARNING * * *
The sixfirhy hits you.
* * * LOW HITPOINT WARNING * * *
The sixfirhy shocks you!
* * * LOW HITPOINT WARNING * * *
The sixfirhy completely misses you. The sixfirhy hits you.
You die...

...# ####.#.#
#..######..##.#.##
#...........##5#.##
....###......##(#.##
..............##.#.##
#..####....[...##.#.##
#.....)#.∩.....###†#.##
##.###.##.....##<##...# #
##.# #.###....##@#...##...#
>..###.# ##....53K........#
....##)####....#.#.##.###.#
###...................#
########.####.###### #.#
#.# # #.# #.# ####### #.#
#.# ......# #.# #.#


You could see a kobold demonologist, a sixfirhy (summoned) and an ufetubus
(summoned).

Vanquished Creatures
  A scorpion (D:5)
  4 hounds
  A jelly (D:4)
  An iguana (D:4)
  An orc wizard (D:3)
  7 gnolls
  A howler monkey skeleton (D:4)
  4 adders
  An ufetubus (D:4)
  A worm (D:2)
  11 orcs
  8 ball pythons
  8 bats
  3 endoplasms
  6 giant cockroaches
  5 goblins (D:1)
  7 hobgoblins
  2 jackals (D:4)
  3 quokkas (D:3)
  4 frilled lizards
  5 kobolds
  4 rats
88 creatures vanquished.

Notes
Turn   | Place    | Note
-------+----------+-------------------------------------------
     0 | D:1      | flotson the Barachi Fighter began the quest for the Orb.
     0 | D:1      | Reached XP level 1. HP: 18/18 MP: 1/1
    53 | D:1      | Reached XP level 2. HP: 23/25 MP: 2/2
   520 | D:1      | Reached skill level 1 in Dodging
   674 | D:1      | Reached XP level 3. HP: 30/30 MP: 3/3
   715 | D:2      | Found a faded altar of an unknown god.
   833 | D:2      | Reached skill level 4 in Fighting
  1061 | D:2      | Reached XP level 4. HP: 19/37 MP: 4/4
  1794 | D:3      | Reached skill level 1 in Throwing
  2074 | D:3      | Found Baconyc's Book Shop.
  2370 | D:3      | Reached XP level 5. HP: 43/43 MP: 5/5
  2973 | D:4      | Reached XP level 6. HP: 46/49 MP: 6/6
  2978 | D:4      | Reached skill level 1 in Evocations
  3508 | D:5      | Entered Level 5 of the Dungeon
  3573 | D:5      | Found Seilin Doism's Assorted Antiques.
  3591 | D:5      | Bought a scroll labelled YMAHUO CINOSU for 21 gold pieces
  3591 | D:5      | Bought a scroll labelled AFUEDW KOKY for 21 gold pieces
  3591 | D:5      | Bought a scroll labelled BOEHOI VOTHRI for 21 gold pieces
  3908 | D:5      | Reached skill level 5 in Fighting
  3908 | D:5      | Reached XP level 7. HP: 37/56 MP: 7/7
  4046 | D:5      | Noticed a kobold demonologist
  4171 | D:5      | Noticed a sixfirhy
  4174 | D:5      | Slain by a sixfirhy

Illustrated notes

Levels and vault maps discovered:
D:1:      dpeg_arrival_water_temple_mockup, layout_rooms
D:2:      layout_basic, basic_ecumenical_altar
D:3:      kennysheep_big_flooded_room, layout_basic, serial_shops, shop
D:4:      layout_basic
D:5:      minmay_inner_zag, layout_loops_ring,
          mainiacjoe_overflow_six_doors_small,
          nicolae_ru_great_annihilating_truth, serial_shops, shop

Skill      XL: |  1  2  3  4  5  6 |
---------------+-------------------+-----
Dodging        | 1 2 |  2.8
Fighting       | 4 5 |  5.0
Armour         | 4 |  4.9
Long Blades    | 3 4 |  4.1
Throwing       | 1 2 |  2.2
Shields        | 4 |  4.5
Evocations     | 1 |  1.7

Action                   |  1- 3 |  4- 6 |  7- 9 || total
-------------------------+-------+-------+-------++-------
Melee: Long sword        |    95 |   170 |    15 ||   280
 Fire: Hand crossbow     |       |    13 |       ||    13
Armor: Scale mail        |    61 |    86 |    15 ||   162
Dodge: Dodged            |    62 |    98 |    14 ||   174
Block: Buckler           |    15 |    44 |     8 ||    67

Table legend: (Time is in decaauts)
 A = Elapsed time spent in this place.
 B = Non-inter-level travel time spent in this place.
 C = Inter-level travel time spent in this place.
 D = Time resting spent in this place.
 E = Time spent auto-exploring this place.
 F = Levels seen in this place.
 G = Mean time per level.
                   A        B        C        D        E       F      G
               +--------+--------+--------+--------+--------+-----+--------+
         Total |   4693 |   4382 |    311 |    100 |   3589 |   5 |  938.6 |
       Dungeon |   4693 |   4382 |    311 |    100 |   3589 |   5 |  938.6 |
               +--------+--------+--------+--------+--------+-----+--------+

Top non-repeatable levels by time:
     D:3: 1179 daAuts
     D:4: 1089 daAuts
     D:2: 1058 daAuts
     D:1: 812 daAuts
     D:5: 554 daAuts
